[Event "Titled Tuesday Blitz February 22 Early 2022"]
[White "Kozin, Yuri"]
[Black "Ishbaev, Alibek"]
[WhiteFideId "4129920"]
[BlackFideId "14205017"]
[WhiteElo "2555"]
[BlackElo "2389"]
[Result "1-0"]
[Round "07"]
[TimeControl "180+1"]
[Date "2022.02.22"]
[WhiteClock "0:00:10"]
[BlackClock "0:00:14"]

1. e4 e5 2. Nf3 Nc6 3. Bb5 Bc5 4. O-O Nge7 5. d3 O-O 6. Be3 Bb6 7. a4 d6 8. Nc3 f5 9. exf5 Bxf5 10. Nd2 a6 11. Bc4+ d5 12. Ba2 Kh8 13. Bxb6 cxb6 14. Ne2 Qd6 15. Ng3 Rf6 16. Re1 Raf8 17. f3 Bg6 18. Ndf1 Nf5 19. Nxf5 Rxf5 20. Ng3 R5f6 21. Qd2 Nd4 22. c3 Ne6 23. Bb1 Nf4 24. d4 exd4 25. Qxd4 Qc5 26. Bxg6 Qxd4+ 27. cxd4 hxg6 28. Re7 R6f7 29. Rae1 Nd3 30. Rxf7 Rxf7 31. Re8+ Kh7 32. b3 Rc7 33. Ne2 Nc1 34. Nxc1 Rxc1+ 35. Kf2 Rb1 36. Re3 Rd1 37. Re6 Rxd4 38. Rxb6 Rd2+ 39. Kg3 Rb2 40. Rxb7 g5 41. Rb6 d4 42. Rd6 Rxb3 43. Rxd4 Kh6 44. Rd6+ g6 45. Rxa6 Ra3 46. Ra7 Ra2 47. a5 Ra3 48. a6 Ra4 49. Ra8 Kg7 50. Ra7+ Kh6 51. Kf2 g4 52. fxg4 Rxg4 53. g3 Ra4 54. h4 Kh5 55. Kf3 Ra3+ 56. Kf4 Ra4+ 57. Ke5 Kg4 58. Kf6 Kxg3 59. Kxg6 Kxh4 60. Kf6 Kh5 61. Ke6 Kg6 62. Kd6 Ra1 63. Kc6 Rc1+ 64. Kb7 Rb1+ 65. Ka8 Ra1 66. Kb7 Rb1+ 67. Kc8 Ra1 68. Kb8 Kf6 69. Rh7 Rb1+ 70. Rb7 Ra1 71. a7 Kg6 72. a8=Q 1-0


[Site "https://www.chess.com"]

[Event "Titled Tuesday Blitz February 22 Early 2022"]
[White "Krysa, Leandro"]
[Black "Urazayev, Arystanbek"]
[WhiteFideId "116807"]
[BlackFideId "13709810"]
[WhiteElo "2490"]
[BlackElo "2321"]
[Result "0-1"]
[Round "07"]
[TimeControl "180+1"]
[Date "2022.02.22"]
[WhiteClock "0:00:01"]
[BlackClock "0:01:21"]

1. e4 c5 2. Nf3 e6 3. d4 cxd4 4. Nxd4 Nf6 5. Nc3 Nc6 6. a3 d5 7. Bb5 Bd7 8. exd5 exd5 9. O-O Be7 10. Bg5 O-O 11. Re1 h6 12. Bh4 Re8 13. Qd3 Qb6 14. Bxc6 bxc6 15. b4 a5 16. Rab1 axb4 17. axb4 Ra3 18. b5 c5 19. Nc6 Bxc6 20. bxc6 Qxc6 21. Rxe7 Rxe7 22. Nxd5 Rb7 23. Ne7+ Kf8 24. Qd8+ Qe8 0-1


[Site "https://www.chess.com"]

[Event "Titled Tuesday Blitz February 22 Early 2022"]
[White "Krzywda, Andrzej"]
[Black "Shtyka, Sergey"]
[WhiteFideId "1114565"]
[BlackFideId "4138465"]
[WhiteElo "2098"]
[BlackElo "2014"]
[Result "0-1"]
[Round "07"]
[TimeControl "180+1"]
[Date "2022.02.22"]
[WhiteClock "0:00:01"]
[BlackClock "0:00:13"]

1. e4 c5 2. Nc3 Nc6 3. Bb5 g6 4. Bxc6 dxc6 5. d3 Bg7 6. f4 Nf6 7. Nf3 O-O 8. O-O b6 9. Qe1 Ba6 10. Ne5 Qc7 11. Qh4 Rad8 12. b3 Rfe8 13. Bb2 Nd7 14. Nf3 Nf8 15. Rae1 Ne6 16. f5 Nd4 17. Ng5 h5 18. Qf2 f6 19. Nf3 g5 20. Nxd4 cxd4 21. Ne2 c5 22. h4 Kf7 23. hxg5 fxg5 24. Bc1 Bf6 25. Qf3 Rh8 26. Ng3 g4 27. Qf2 Be5 28. Bf4 h4 29. Ne2 Rdg8 30. Bxe5 Qxe5 31. Qf4 Kf6 32. Qxe5+ Kxe5 33. Nf4 Rh7 34. Ng6+ Kd6 35. e5+ Kd7 36. f6 Rxg6 37. f7 Rh8 38. f8=Q Rxf8 39. Rxf8 Bb7 40. Rf4 h3 41. g3 h2+ 42. Kxh2 Rh6+ 43. Kg1 Rh1+ 44. Kf2 Rh2+ 45. Kf1 Bf3 46. e6+ Kd6 47. Kg1 Rg2+ 48. Kf1 Rxc2 49. Rxf3 gxf3 50. g4 Rg2 51. g5 Rxa2 52. g6 Rg2 53. Ra1 a5 54. Rc1 Rxg6 55. Kf2 Rf6 56. Rh1 Kxe6 57. Rh8 Kd6 58. Rb8 Kc7 59. Re8 Rf7 60. Ra8 Kc6 61. Rb8 Kb5 62. Rb7 Rf6 63. Rxe7 Kb4 64. Rb7 Kxb3 65. Rb8 Kc3 66. Ra8 Kxd3 0-1


[Site "https://www.chess.com"]

[Event "Titled Tuesday Blitz February 22 Early 2022"]
[White "Lauridsen, Jesper Morch"]
[Black "Purtseladze, Maka"]
[WhiteFideId "1401890"]
[BlackFideId "13602659"]
[WhiteElo "2284"]
[BlackElo "2192"]
[Result "1-0"]
[Round "07"]
[TimeControl "180+1"]
[Date "2022.02.22"]
[WhiteClock "0:00:49"]
[BlackClock "0:00:47"]

1. e4 c6 2. d4 d5 3. exd5 cxd5 4. c4 Nf6 5. Nc3 Nc6 6. Nf3 Be6 7. c5 g6 8. Bb5 Bg7 9. Ne5 Bd7 10. Bxc6 Bxc6 11. O-O Nd7 12. Nf3 O-O 13. Re1 e5 14. dxe5 Nxc5 15. Bg5 Qd7 16. Qd2 Rfe8 17. Rad1 d4 18. Qxd4 Bxf3 19. Qxd7 Nxd7 20. Rxd7 Bxe5 21. gxf3 Bxh2+ 22. Kf1 Rxe1+ 23. Kxe1 b6 24. f4 Kg7 25. Nd5 h6 26. Bf6+ Kf8 27. Kf1 g5 28. Kg2 Bxf4 29. Nxf4 gxf4 30. Kf3 Kg8 31. Rd8+ Rxd8 32. Bxd8 Kf8 33. Kxf4 Ke8 34. Bf6 Kd7 35. Bg7 Ke6 36. Bxh6 1-0


[Site "https://www.chess.com"]

[Event "Titled Tuesday Blitz February 22 Early 2022"]
[White "Lazavik, Denis"]
[Black "Timofeev, Artyom"]
[WhiteFideId "13515110"]
[BlackFideId "4140419"]
[WhiteElo "2436"]
[BlackElo "2583"]
[Result "1-0"]
[Round "07"]
[TimeControl "180+1"]
[Date "2022.02.22"]
[WhiteClock "0:00:18"]
[BlackClock "0:00:24"]

1. d4 d5 2. c4 dxc4 3. Nf3 Nf6 4. e3 e6 5. Bxc4 c5 6. O-O a6 7. dxc5 Bxc5 8. Qxd8+ Kxd8 9. Nc3 Ke7 10. Be2 Nbd7 11. Nd2 b6 12. Nc4 Bb7 13. Na4 b5 14. Nxc5 Nxc5 15. Na5 Bd5 16. f3 Rac8 17. e4 Ba8 18. b3 Nfd7 19. Be3 f5 20. exf5 exf5 21. a4 bxa4 22. b4 Ne6 23. Bxa6 Rc3 24. Bf2 Rb8 25. Rxa4 Kf7 26. Bc4 Nf6 27. Rd1 Rc8 28. b5 Bd5 29. Bxd5 Nxd5 30. Nc6 Ne3 31. Ra7+ Kf6 32. Re1 f4 33. h4 Nc5 34. Nb4 Rb3 35. Bxe3 fxe3 36. Nd5+ Kg6 37. Ne7+ 1-0


[Site "https://www.chess.com"]

[Event "Titled Tuesday Blitz February 22 Early 2022"]
[White "Leiva, Gianmarco"]
[Black "Shohat, Yotam"]
[WhiteFideId "3804399"]
[BlackFideId "2813955"]
[WhiteElo "2328"]
[BlackElo "2119"]
[Result "1-0"]
[Round "07"]
[TimeControl "180+1"]
[Date "2022.02.22"]
[WhiteClock "0:00:05"]
[BlackClock "0:00:03"]

1. e4 c5 2. Nf3 g6 3. c3 d5 4. exd5 Qxd5 5. d4 Bg7 6. Na3 cxd4 7. Bc4 Qe4+ 8. Be3 Nh6 9. Nb5 O-O 10. cxd4 Nc6 11. O-O Nf5 12. Re1 Nxe3 13. Rxe3 Qf4 14. Rc1 a6 15. Nc3 Nxd4 16. Nxd4 Bxd4 17. Nd5 Bxe3 18. Nxf4 Bxf4 19. Rc2 Bf5 20. Re2 Rfd8 21. Qb3 e6 22. g3 Bh6 23. Kg2 b5 24. Bxe6 Bxe6 25. Rxe6 fxe6 26. Qxe6+ Kh8 27. h4 Bg7 28. h5 gxh5 29. Qf5 Rf8 30. Qxh5 Rad8 31. Qe2 Rfe8 32. Qc2 Re6 33. f4 Rde8 34. Kh3 a5 35. Qd3 b4 36. Qd5 a4 37. Qb5 Bxb2 38. Qxb4 Bg7 39. Qxa4 Re3 40. Kg4 Rg8 41. Kf5 Rf8+ 42. Kg4 Re6 43. Kf3 Rg6 44. Qa5 Rgf6 45. Qc5 R6f7 46. a4 Rd7 47. a5 Ra8 48. Qc6 Rda7 49. f5 Rxa5 50. f6 Rf5+ 51. Kg4 Rfa5 52. fxg7+ Kxg7 53. Qb7+ Kg8 54. Qb6 Ra4+ 55. Kh3 R4a6 56. Qb3+ Kg7 57. Qd5 Kg6 58. g4 Kg7 59. g5 R6a7 60. Kh4 Ra3 61. Qd4+ Kg8 62. Qd7 R8a4+ 63. Kh5 Ra7 64. Qe8+ Kg7 65. Qc8 Rh3+ 66. Qxh3 1-0


[Site "https://www.chess.com"]

[Event "Titled Tuesday Blitz February 22 Early 2022"]
[White "Liyanage, Ranindu Dilshan"]
[Black "Galchenko, Matvey"]
[WhiteFideId "9915834"]
[BlackFideId "24175480"]
[WhiteElo "1858"]
[BlackElo "2453"]
[Result "0-1"]
[Round "07"]
[TimeControl "180+1"]
[Date "2022.02.22"]
[WhiteClock "0:00:03"]
[BlackClock "0:00:04"]

1. d4 Nf6 2. c4 c5 3. d5 e6 4. Nc3 exd5 5. cxd5 d6 6. Nf3 g6 7. Bf4 Bg7 8. e3 O-O 9. h3 Na6 10. Be2 Nc7 11. a4 b6 12. O-O a6 13. e4 Re8 14. Nd2 Rb8 15. Nc4 Nxe4 16. Nxe4 Rxe4 17. Bxd6 b5 18. axb5 axb5 19. Bxc7 Qxc7 20. d6 Qd8 21. Na5 Rd4 22. Nc6 Qxd6 23. Nxd4 Bxd4 24. Bf3 Qf6 25. Qc2 Bf5 26. Qb3 Be6 27. Qc2 Bxb2 28. Ra7 Bd4 29. Be2 Qg5 30. Qd3 Rd8 31. Qxb5 Bxh3 32. Bf3 Be6 33. Re1 Qh4 34. Re2 Bc4 35. Qb7 Rf8 36. Rd2 Qf4 37. Rc2 Be6 38. Bd5 Qf5 39. Be4 Qe5 40. Re2 c4 41. Ra8 Rxa8 42. Qxa8+ Kg7 43. Bf3 Qf4 44. Qc6 Qc1+ 45. Kh2 Qf4+ 46. Kg1 c3 47. g3 Qxg3+ 48. Kf1 Bh3+ 49. Bg2 Qg4 50. Bxh3 Qxh3+ 51. Qg2 Qd3 52. Qg4 h5 53. Qc8 Qd1+ 54. Re1 Qd3+ 55. Kg2 Qf5 56. f3 Qxc8 0-1


[Site "https://www.chess.com"]

[Event "Titled Tuesday Blitz February 22 Early 2022"]
[White "Ljukin, Sergei"]
[Black "Samunenkov, Ihor"]
[WhiteFideId "14102200"]
[BlackFideId "14187086"]
[WhiteElo "2312"]
[BlackElo "2406"]
[Result "0-1"]
[Round "07"]
[TimeControl "180+1"]
[Date "2022.02.22"]
[WhiteClock "0:00:05"]
[BlackClock "0:00:05"]

1. e4 c6 2. d4 d5 3. e5 c5 4. Nf3 cxd4 5. Nxd4 Nc6 6. c4 e6 7. Nc3 Bc5 8. Nxc6 bxc6 9. Qg4 Kf8 10. Bd3 Ne7 11. O-O Ng6 12. Qg3 Bd4 13. Bxg6 hxg6 14. Rd1 Bb6 15. b3 Qh4 16. Ba3+ Ke8 17. Bd6 Ba6 18. c5 Qxg3 19. hxg3 Ba5 20. Rac1 Kd7 21. a3 Bd8 22. b4 Bc4 23. Rb1 Bc7 24. a4 Rhb8 25. b5 Rb7 26. Bxc7 Kxc7 27. Rb4 Rab8 28. Rdb1 Bd3 29. Rd1 Bc4 30. Rdb1 Kd7 31. f4 f6 32. b6 axb6 33. cxb6 c5 34. Rxc4 dxc4 35. a5 Kc6 36. Nb5 Ra8 37. Na7+ Raxa7 38. bxa7 Rxb1+ 39. Kf2 Kb7 0-1


[Site "https://www.chess.com"]

[Event "Titled Tuesday Blitz February 22 Early 2022"]
[White "Lodici, Lorenzo"]
[Black "Gormally, Daniel W"]
[WhiteFideId "884189"]
[BlackFideId "406465"]
[WhiteElo "2265"]
[BlackElo "2543"]
[Result "1-0"]
[Round "07"]
[TimeControl "180+1"]
[Date "2022.02.22"]
[WhiteClock "0:00:02"]
[BlackClock "0:00:02"]

1. e4 g6 2. d4 Nf6 3. e5 Nh5 4. Be2 d6 5. Nf3 Nc6 6. exd6 cxd6 7. d5 Nb8 8. Nd4 Nf6 9. c4 Bg7 10. Nc3 O-O 11. O-O Nbd7 12. Re1 Nc5 13. Bf1 e5 14. dxe6 Nxe6 15. Ndb5 Ne8 16. Nd5 a6 17. Nbc3 Bd7 18. Be3 Bc6 19. Nb6 Rb8 20. Qd2 Nf6 21. f3 Nc5 22. Nbd5 Bxd5 23. cxd5 b5 24. b4 Ncd7 25. a4 a5 26. Nxb5 axb4 27. a5 Nc5 28. Bxc5 dxc5 29. a6 Qxd5 30. Rad1 Qc6 31. Qd6 Rb6 32. a7 Qxd6 33. Rxd6 Rxd6 34. Nxd6 Ra8 35. Nb5 Nd5 36. Bc4 Nc3 37. Re7 Nxb5 38. Bxb5 b3 39. Bc4 b2 40. Rb7 Rxa7 41. Rb8+ Bf8 42. Rxb2 Kg7 43. Rc2 Bd6 44. Kf2 Be5 45. g3 Bd4+ 46. Kg2 Ra3 47. f4 f5 48. Bd5 Kf6 49. Bc4 g5 50. fxg5+ Kxg5 51. Be6 f4 52. gxf4+ Kxf4 53. Bc4 Ke3 54. Re2+ Kf4 55. Rc2 h6 56. Bg8 h5 57. Bc4 h4 58. Be6 Re3 59. Bc8 Ke4 60. h3 Rg3+ 61. Kh2 Kd3 62. Bf5+ Ke3 63. Be6 Rf3 64. Bg4 Rf1 65. Kg2 Rf4 66. Be6 Kd3 67. Ra2 Bc3 68. Bg8 Rf6 69. Bh7+ Kc4 70. Rf2 Rd6 71. Bg8+ Kb4 72. Rf4+ Ka3 73. Rxh4 Bb4 74. Rg4 Rd2+ 75. Kg3 Bc3 76. h4 Bd4 77. h5 Rd1 78. Kf4 Rf1+ 79. Kg5 Be3+ 80. Kg6 Bd4 81. h6 Rf6+ 82. Kg5 Rf1 83. h7 Rh1 84. Kg6 Kb2 85. Be6 Kc3 86. Rg3+ Kd2 87. Bh3 1-0


[Site "https://www.chess.com"]

[Event "Titled Tuesday Blitz February 22 Early 2022"]
[White "Lonoff, Marc"]
[Black "Hoffmann, Asa"]
[WhiteFideId "2001349"]
[BlackFideId "2001470"]
[WhiteElo "2246"]
[BlackElo "2117"]
[Result "0-1"]
[Round "07"]
[TimeControl "180+1"]
[Date "2022.02.22"]
[WhiteClock "0:01:02"]
[BlackClock "0:01:24"]

1. c4 Nf6 2. Nc3 d6 3. g3 c6 4. Bg2 e5 5. e4 Be6 6. d3 d5 7. Qb3 Nbd7 8. Qxb7 Nc5 9. Qxc6+ Bd7 10. Qxa8 Qxa8 11. Nxd5 Nxd5 12. exd5 Nxd3+ 13. Ke2 Nxc1+ 14. Rxc1 Qb8 15. b3 Bc5 16. Nf3 e4 17. Nd2 f5 18. Rhe1 O-O 19. f4 Qb6 20. Rf1 a5 21. Rb1 Bb4 22. Rfd1 Be8 0-1


[Site "https://www.chess.com"]

[Event "Titled Tuesday Blitz February 22 Early 2022"]
[White "Maevsky, Nikolay"]
[Black "Medeiros Jr, Francisco De Assis"]
[WhiteFideId "4198220"]
[BlackFideId "2114267"]
[WhiteElo "2104"]
[BlackElo "1998"]
[Result "0-1"]
[Round "07"]
[TimeControl "180+1"]
[Date "2022.02.22"]
[WhiteClock "0:00:05"]
[BlackClock "0:00:10"]

1. d4 d5 2. Nf3 Nf6 3. e3 Bf5 4. Nbd2 e6 5. Ne5 Nbd7 6. g4 Nxe5 7. gxf5 Ned7 8. fxe6 fxe6 9. c4 Bb4 10. Qb3 c5 11. Bh3 Ne4 12. Bxe6 Rf8 13. Rf1 Qh4 14. Kd1 O-O-O 15. cxd5 Rxf2 16. Rxf2 Nxf2+ 17. Kc2 Bxd2 18. Bxd2 Qe4+ 19. Kc1 Qh1+ 20. Kc2 Qxa1 21. Bc1 cxd4 22. exd4 Kb8 23. Qg3+ Ka8 24. Qc7 Rb8 25. Bxd7 Qxa2 26. Be6 Qa4+ 27. Kb1 Nd3 28. Bf4 Rf8 29. Bc1 Rb8 30. d6 Qxd4 31. d7 Qe5 32. Qxe5 Nxe5 33. Bf4 Nc6 34. Bxb8 Kxb8 35. Bf7 Kc7 36. Be6 Nd8 37. Bf5 Kd6 38. Bxh7 Kxd7 39. Be4 b6 40. Kc2 Kd6 41. Kc3 Ne6 42. Kc4 Nc5 43. Bc2 Kc7 44. b4 Nd7 45. Kd5 Nf6+ 46. Ke6 Ng4 47. h4 a5 48. b5 Ne3 49. Bd3 a4 50. Kf7 Nd5 51. Bb1 Kd6 52. Ba2 Nc3 53. Bc4 Kc5 54. Bd3 a3 55. Kxg7 a2 56. h5 a1=Q 57. h6 Nd5+ 58. Kg8 Nf6+ 59. Kg7 Kd6 60. Bg6 Ke7 61. h7 Nxh7+ 62. Kxh7 Kf6 63. Kh6 Qb2 64. Bh5 Qxb5 65. Kh7 Qc5 66. Kg8 b5 67. Bf7 b4 68. Bb3 Qc8+ 69. Kh7 Qc7+ 70. Kh6 Qg7+ 71. Kh5 Qg5# 0-1


[Site "https://www.chess.com"]

[Event "Titled Tuesday Blitz February 22 Early 2022"]
[White "Magallanes, Rey Jomar"]
[Black "Tay, Junior"]
[WhiteFideId "5205948"]
[BlackFideId "5800439"]
[WhiteElo "2232"]
[BlackElo "2216"]
[Result "1/2-1/2"]
[Round "07"]
[TimeControl "180+1"]
[Date "2022.02.22"]
[WhiteClock "0:01:57"]
[BlackClock "0:00:51"]

1. e4 c5 2. Nf3 d6 3. d4 cxd4 4. Nxd4 Nf6 5. Nc3 g6 6. Be3 Nc6 7. Bc4 Bg7 8. Bb3 O-O 9. h3 Bd7 10. O-O Rc8 11. f4 Na5 12. Qd2 a6 13. Rfe1 Nc4 14. Bxc4 Rxc4 15. Qd3 Qc7 16. Nb3 b5 17. e5 Nh5 18. exd6 exd6 19. Nd5 Qd8 20. Bb6 Qh4 21. Bf2 Qd8 22. Bb6 Qh4 23. Bf2 Qd8 24. Bb6 1/2-1/2


[Site "https://www.chess.com"]

[Event "Titled Tuesday Blitz February 22 Early 2022"]
[White "Manukyan, Artyom"]
[Black "Murzin, Volodar"]
[WhiteFideId "13305786"]
[BlackFideId "44155573"]
[WhiteElo "2034"]
[BlackElo "2585"]
[Result "0-1"]
[Round "07"]
[TimeControl "180+1"]
[Date "2022.02.22"]
[WhiteClock "0:00:03"]
[BlackClock "0:00:09"]

1. e4 c6 2. d4 d5 3. exd5 cxd5 4. Bd3 Nc6 5. c3 g6 6. Bf4 Bf5 7. Be2 e6 8. h3 Bd6 9. Bxd6 Qxd6 10. Na3 h5 11. Nf3 Nf6 12. Nc2 Be4 13. O-O Bxf3 14. Bxf3 Kf8 15. Ne1 b5 16. Nd3 b4 17. Re1 bxc3 18. bxc3 Kg7 19. Qd2 Rhc8 20. Qg5 Ne7 21. Rac1 Rab8 22. Nc5 Nf5 23. Be2 Rb2 24. a4 Nh7 25. Nxe6+ fxe6 0-1


[Site "https://www.chess.com"]

[Event "Titled Tuesday Blitz February 22 Early 2022"]
[White "Marcinczyk, Monika"]
[Black "Mirzanurov, Bulat"]
[WhiteFideId "1192051"]
[BlackFideId "4184521"]
[WhiteElo "1730"]
[BlackElo "2116"]
[Result "0-1"]
[Round "07"]
[TimeControl "180+1"]
[Date "2022.02.22"]
[WhiteClock "0:00:02"]
[BlackClock "0:00:47"]

1. e4 c5 2. Nf3 d6 3. d4 cxd4 4. Nxd4 Nf6 5. Nc3 a6 6. Be2 e5 7. Nb3 Be7 8. Be3 O-O 9. O-O Nbd7 10. h3 b5 11. a4 b4 12. Nd5 Nxd5 13. Qxd5 Rb8 14. a5 Bb7 15. Qd3 Nf6 16. Bf3 Re8 17. Rfd1 Bc6 18. Bb6 Qd7 19. Qc4 Bb5 20. Qxb4 d5 21. Qe1 d4 22. c3 d3 23. Nc1 Bd8 24. Nxd3 Bxd3 25. Be2 Bxb6 26. Rxd3 Bxf2+ 27. Qxf2 Qc6 28. Bf3 Nxe4 29. Qh4 f5 30. Bxe4 fxe4 31. Rd2 e3 32. Re2 Re6 33. Rf1 Ree8 34. Qg5 h6 35. Qxe3 e4 36. Qf4 Qc4 37. Ref2 Rf8 0-1


[Site "https://www.chess.com"]

[Event "Titled Tuesday Blitz February 22 Early 2022"]
[White "Martins, Bruno Andre Leite"]
[Black "Zheenbekov, Nurgazy"]
[WhiteFideId "1942255"]
[BlackFideId "13800485"]
[WhiteElo "2137"]
[BlackElo "1959"]
[Result "0-1"]
[Round "07"]
[TimeControl "180+1"]
[Date "2022.02.22"]
[WhiteClock "0:00:01"]
[BlackClock "0:00:25"]

1. e4 e5 2. Nf3 Nc6 3. Bb5 a6 4. Ba4 Nf6 5. d3 b5 6. Bb3 Be7 7. O-O O-O 8. c3 d6 9. Re1 Na5 10. Bc2 c5 11. Nbd2 Nc6 12. Nf1 Re8 13. Ng3 Bf8 14. a4 Rb8 15. Bg5 h6 16. Be3 Ne7 17. h3 Ng6 18. Nh2 d5 19. axb5 d4 20. cxd4 cxd4 21. Bd2 axb5 22. Bb3 Be6 23. Bxe6 Rxe6 24. Nf5 b4 25. Ng4 Nxg4 26. Qxg4 Rc8 27. h4 Kh8 28. Ra7 Rc7 29. Rea1 Ne7 30. Rxc7 Qxc7 31. Ra8 Nc8 32. Bxb4 Rg6 33. Qh3 Qb7 34. Bxf8 Qxa8 35. h5 Rg5 36. Nxh6 gxh6 37. Bxh6 Rg8 38. Qd7 Qa1+ 39. Kh2 Qf1 40. Qh3 Qxf2 41. b4 Nd6 42. b5 Nxb5 43. Bc1 Nc3 44. h6 Ne2 0-1


[Site "https://www.chess.com"]

[Event "Titled Tuesday Blitz February 22 Early 2022"]
[White "Matinian, Nikita"]
[Black "Galyas, Miklos"]
[WhiteFideId "24129100"]
[BlackFideId "707244"]
[WhiteElo "2422"]
[BlackElo "2409"]
[Result "1-0"]
[Round "07"]
[TimeControl "180+1"]
[Date "2022.02.22"]
[WhiteClock "0:00:58"]
[BlackClock "0:00:30"]

1. e4 d6 2. d4 Nf6 3. Nc3 g6 4. Be3 a6 5. h3 Bg7 6. g4 Nc6 7. Nge2 e5 8. d5 Ne7 9. Ng3 h5 10. g5 Nd7 11. h4 b5 12. a4 b4 13. Na2 a5 14. c3 Rb8 15. cxb4 axb4 16. Bb5 O-O 17. Nxb4 f5 18. exf5 Nxf5 19. Nxf5 Rxf5 20. Nc6 Qf8 21. Nxb8 Nxb8 22. Rc1 Rf7 23. a5 e4 24. Qc2 Na6 25. Qxe4 Re7 26. Qxg6 Bf5 27. Qxh5 Nb4 28. Be2 Nxd5 29. Bc4 Be6 30. Bxd5 Bxd5 31. g6 Qa8 32. O-O Bf3 33. Qh7+ Kf8 34. Bh6 Bxh6 35. Qh8# 1-0


[Site "https://www.chess.com"]

[Event "Titled Tuesday Blitz February 22 Early 2022"]
[White "Matveeva, Olga"]
[Black "De Souza, Cristiano Gomes"]
[WhiteFideId "24107018"]
[BlackFideId "2151758"]
[WhiteElo "2083"]
[BlackElo "2068"]
[Result "1/2-1/2"]
[Round "07"]
[TimeControl "180+1"]
[Date "2022.02.22"]
[WhiteClock "0:00:35"]
[BlackClock "0:01:27"]

1. e4 c5 2. Nf3 d6 3. Bb5+ Bd7 4. Bxd7+ Qxd7 5. c4 Nc6 6. Nc3 g6 7. d4 cxd4 8. Nxd4 Bg7 9. Be3 Nf6 10. f3 O-O 11. O-O a5 12. b3 Nxd4 13. Bxd4 Qc6 14. Rc1 Nd7 15. Bxg7 Kxg7 16. Qd4+ Kg8 17. Rfd1 Qc5 18. Nd5 Qxd4+ 19. Rxd4 Rae8 20. Rcd1 Nc5 21. Kf2 Kg7 22. Ke3 f5 23. Nc3 fxe4 24. fxe4 Rf7 25. Rd5 Ref8 26. R1d2 Rf1 27. Nb5 Re1+ 28. Re2 Rff1 29. e5 Rxe2+ 30. Kxe2 Ra1 31. exd6 Rxa2+ 32. Ke3 exd6 33. Nxd6 Nxb3 34. Nxb7 a4 35. c5 Rc2 36. Rd7+ Kf6 37. Rd6+ Ke5 38. Ra6 Nxc5 39. Nxc5 Rxc5 40. Rxa4 Rc2 41. Kf3 h5 42. Ra5+ Kf6 43. Ra6+ Kg5 44. Ra5+ Kh6 45. h4 Rc4 46. g3 Rc3+ 47. Kf4 Rc4+ 48. Kf3 Rc3+ 49. Kf4 Rc4+ 50. Kf3 1/2-1/2


[Site "https://www.chess.com"]

[Event "Titled Tuesday Blitz February 22 Early 2022"]
[White "Mayaud, Raphael"]
[Black "Yushko, Olga"]
[WhiteFideId "627151"]
[BlackFideId "14114500"]
[WhiteElo "2191"]
[BlackElo "2028"]
[Result "0-1"]
[Round "07"]
[TimeControl "180+1"]
[Date "2022.02.22"]
[WhiteClock "0:01:45"]
[BlackClock "0:02:26"]

1. d4 e6 2. Nf3 f5 3. Bf4 Nf6 4. e3 Be7 5. c4 d6 6. Nc3 O-O 7. Bd3 Qe8 8. Qc2 Nc6 9. a3 Qg6 10. O-O Kh8 11. h3 Nh5 12. Bh2 Bf6 13. Rad1 e5 14. dxe5 dxe5 15. e4 f4 16. Nd5 Bxh3 17. Ne1 Nd4 18. Qd2 Nf3+ 19. Nxf3 Qxg2# 0-1


[Site "https://www.chess.com"]

[Event "Titled Tuesday Blitz February 22 Early 2022"]
[White "Mena, Ailen Oriana"]
[Black "Clawitter, Craig"]
[WhiteFideId "3902773"]
[BlackFideId "2023105"]
[WhiteElo "1534"]
[BlackElo "2221"]
[Result "1-0"]
[Round "07"]
[TimeControl "180+1"]
[Date "2022.02.22"]
[WhiteClock "0:00:22"]
[BlackClock "0:00:11"]

1. e4 e6 2. d4 d5 3. Nd2 Be7 4. g3 Nf6 5. Bg2 dxe4 6. Nxe4 Nxe4 7. Bxe4 Nd7 8. Ne2 Nf6 9. Bg2 O-O 10. O-O c5 11. c3 Qb6 12. Qc2 Bd7 13. Be3 Rac8 14. Rad1 Rfd8 15. dxc5 Bxc5 16. Bxc5 Rxc5 17. Rd4 Bc6 18. Rxd8+ Qxd8 19. Rd1 Qc7 20. Nd4 Bxg2 21. Kxg2 g6 22. Qa4 a6 23. Qb3 Kg7 24. Re1 Qd7 25. Rxe6 fxe6 26. Nxe6+ Kh6 27. Nxc5 Qc6+ 28. f3 Qxc5 29. Qxb7 Qd5 30. Qxd5 Nxd5 31. c4 Ne3+ 32. Kf2 Nxc4 33. b3 Nd6 34. Ke3 Kg5 35. Kd4 Kf6 36. Kd5 Ke7 37. Kc6 h5 38. Kb6 Nf5 39. Kxa6 Ne3 40. b4 Kd6 41. b5 Nd5 42. b6 Kc6 43. b7 Kc7 44. Ka7 1-0


[Site "https://www.chess.com"]

[Event "Titled Tuesday Blitz February 22 Early 2022"]
[White "Mikhailov, Viacheslav"]
[Black "Reprintsev, Alexander"]
[WhiteFideId "4187369"]
[BlackFideId "14100541"]
[WhiteElo "2381"]
[BlackElo "2126"]
[Result "1-0"]
[Round "07"]
[TimeControl "180+1"]
[Date "2022.02.22"]
[WhiteClock "0:00:58"]
[BlackClock "0:00:10"]

1. c4 e5 2. g3 Bc5 3. Bg2 Nc6 4. e3 Nf6 5. Ne2 d5 6. cxd5 Nxd5 7. O-O O-O 8. d4 exd4 9. Nxd4 Bxd4 10. exd4 Be6 11. Nc3 Qd7 12. Ne4 Rad8 13. Nc5 Qc8 14. Nxe6 Qxe6 15. Re1 Qf6 16. Qh5 Qg6 17. Qh4 Ndb4 18. Be3 Rfe8 19. d5 Nxd5 20. Bg5 Rxe1+ 21. Rxe1 f6 22. Bc1 Ne5 23. Rxe5 Qc2 24. Bxd5+ 1-0


[Site "https://www.chess.com"]

[Event "Titled Tuesday Blitz February 22 Early 2022"]
[White "Mikhailovsky, Vladimir"]
[Black "Martirosyan, Haik M."]
[WhiteFideId "34105414"]
[BlackFideId "13306553"]
[WhiteElo "2371"]
[BlackElo "2735"]
[Result "0-1"]
[Round "07"]
[TimeControl "180+1"]
[Date "2022.02.22"]
[WhiteClock "0:00:04"]
[BlackClock "0:00:57"]

1. e4 e6 2. Qe2 d5 3. exd5 Qxd5 4. Nc3 Qd8 5. Nf3 Nf6 6. g3 b6 7. Bg2 Bb7 8. O-O Be7 9. d4 O-O 10. Rd1 Nbd7 11. Ne5 Bxg2 12. Kxg2 Qc8 13. Nc6 Bd6 14. Qf3 Kh8 15. b4 Qb7 16. a4 Nd5 17. b5 Nxc3 18. Qxc3 Nb8 19. d5 exd5 20. Bb2 f6 21. Rxd5 Bc5 22. a5 Nxc6 23. a6 Qc8 24. bxc6 Qe6 25. Rad1 Qxc6 26. Qf3 Bd6 27. h4 Qxc2 28. R1d2 Qc6 29. h5 h6 30. Kh2 Rae8 31. Qf5 Re7 32. Bd4 Qd7 33. Qg6 Bxg3+ 34. Kxg3 Qxd5 35. Bxf6 Qxd2 36. Bxe7 Qxf2+ 0-1


[Site "https://www.chess.com"]

[Event "Titled Tuesday Blitz February 22 Early 2022"]
[White "Moiseenko, Alexander"]
[Black "Perez Ponsa, Federico"]
[WhiteFideId "14102560"]
[BlackFideId "117927"]
[WhiteElo "2577"]
[BlackElo "2672"]
[Result "0-1"]
[Round "07"]
[TimeControl "180+1"]
[Date "2022.02.22"]
[WhiteClock "0:00:13"]
[BlackClock "0:01:10"]

1. d4 Nf6 2. c4 g6 3. Nc3 Bg7 4. e4 d6 5. Bd3 O-O 6. Nge2 Nc6 7. O-O e5 8. d5 Nd4 9. Nxd4 exd4 10. Ne2 Nd7 11. Rb1 a5 12. Bc2 Qf6 13. b3 c5 14. f4 Re8 15. a4 Qe7 16. Ng3 Nf6 17. h3 h5 18. Re1 h4 19. Nh1 Nh5 20. Bd2 Qf6 21. Qf3 Bh6 22. Rf1 Bd7 23. Bd3 Re7 24. Rbe1 b6 25. Re2 Rae8 26. Qf2 Kh7 27. Qf3 Rg8 28. e5 dxe5 29. Qxh5 e4 30. Bxe4 Rxe4 31. Qf3 Rxe2 32. Qxe2 Re8 33. Qf3 Bf5 34. Nf2 Qe7 35. Re1 Qxe1+ 36. Bxe1 Rxe1+ 37. Kh2 Re3 38. Qd1 Bxf4+ 39. Kg1 Rc3 40. Qe2 d3 41. Qe7 Rc1+ 42. Nd1 Rxd1+ 43. Kf2 Bg3+ 44. Kf3 Rf1+ 45. Ke3 Re1+ 46. Kd2 Rxe7 0-1


[Site "https://www.chess.com"]